 Dungeon Crawl Stone Soup version 0.17-a0-1887-g3e50df6 (webtiles) character file.

149 kae the Archer (level 5, 0/34 HPs)
             Began as a High Elf Hunter on Sept 23, 2015.
             Succumbed to poison (a potion of poison)
             ... on level 4 of the Dungeon.
             The game lasted 00:04:32 (4447 turns).

kae the Archer (High Elf Hunter)                    Turns: 4447, Time: 00:04:32

Health: 0/34       AC:  4    Str: 11    XL:     5   Next: 9%
Magic:  6/6        EV: 12    Int: 15    God:
Gold:   187        SH:  0    Dex: 16    Spells: 0 memorised, 4 levels left

rFire  . . .     SeeInvis .     a - +1 shortbow
rCold  . . .     Clarity  .     d - +0 leather armour
rNeg   . . .     SustAt   .     (no shield)
rPois  .         Gourm    .     (no helmet)
rElec  .         Spirit   .     n - +0 cloak
rCorr  .         Warding  .     (no gloves)
rMut   .         Stasis   .     (no boots)
MR     .....                    (no amulet)
Stlth  ++........               w - ring of flight
                                f - ring of wizardry

@: lethally poisoned (0 -> -16), not resistant to hostile enchantments,
unstealthy
A: no striking features
a: Evoke Flight


You were on level 4 of the Dungeon.
You were not hungry.

You visited 1 branch of the dungeon, and saw 4 of its levels.

You collected 187 gold pieces.

Inventory:

Hand weapons
 a - a +1 shortbow (weapon)
 b - a +1 mace of draining
 o - a +0 short sword
Missiles
 c - 5 arrows (quivered)
 l - 22 arrows of frost
Armour
 d - a +0 leather armour (worn)
 n - a +0 cloak (worn)
Jewellery
 f - a ring of wizardry (left hand)
 w - a ring of flight (right hand)
Scrolls
 e - a scroll of teleportation {unknown}
 h - 3 scrolls of remove curse {unknown}
 i - a scroll of amnesia {unknown}
 j - a scroll of fog {unknown}
 m - a scroll of identify {unknown}
 p - a scroll of fear {unknown}
 t - a scroll of magic mapping {unknown}
Potions
 r - a potion of mutation {unknown}
 s - a potion of poison
 u - a potion of resistance {unknown}
 x - a potion of flight {unknown}
 A - a potion of invisibility {unknown}
 B - a potion of berserk rage {unknown}
Comestibles
 g - 3 meat rations
 k - 2 beef jerkies
 q - 3 fruits
 v - a royal jelly
 z - 2 bread rations


   Skills:
 - Level 2.0 Fighting
 + Level 8.5 Bows
 - Level 2.1 Dodging
 - Level 1.1 Stealth


You had 4 spell levels left.
You didn't know any spells.

Dungeon Overview and Level Annotations

Branches:
Dungeon (4/15)
 Temple: D:4-7

Altars:

Shops:
D:4 }


Message History

* * * LOW HITPOINT WARNING * * *
Firing (i - inventory. (,) - cycle):
c - 7 arrows (quivered)
Press: ? - help, Shift-Dir - straight line, f/p - orc priest
Aim: an orc priest, wearing a ring mail (heavily wounded)
You shoot an arrow. The arrow hits the orc priest.
The orc priest is almost dead.
The orc priest calls down the wrath of Beogh upon you.
Pain shoots through your body!
* * * LOW HITPOINT WARNING * * *
Firing (i - inventory. (,) - cycle):
c - 6 arrows (quivered)
Press: ? - help, Shift-Dir - straight line, f/p - orc priest
Aim: an orc priest, wearing a ring mail (almost dead)
You shoot an arrow. The arrow hits the orc priest!
You kill the orc priest!
You have reached level 5!
Drink which item? (? for menu, Esc to quit)
It was a potion of poison.
That liquid tasted very nasty...
You are lethally poisoned!
You die...

### ##.#####.#
#...@[oo(#
##.#####.(.( #.# #
#.# #.# #.#
#.###### #+##
#.##...## ##...##
#.#.....###.....##


You could see 2 orcs.

Vanquished Creatures
  An orc priest (D:4)
  A gnoll (D:3)
  An adder (D:2)
  A worm (D:3)
  5 giant geckos
  7 orcs
  2 ball pythons
  5 giant cockroaches
  10 goblins
  11 hobgoblins
  8 jackals
  2 quokkas
  8 bats
  4 giant newts
  7 kobolds
  9 rats
82 creatures vanquished.

Notes
Turn   | Place    | Note
--------------------------------------------------------------
     0 | D:1      | kae the High Elf Hunter began the quest for the Orb.
     0 | D:1      | Reached XP level 1. HP: 14/14 MP: 2/2
   236 | D:1      | Reached XP level 2. HP: 13/19 MP: 3/3
   385 | D:1      | Reached skill level 6 in Bows
  1180 | D:1      | Reached XP level 3. HP: 24/24 MP: 4/4
  1777 | D:2      | Reached skill level 7 in Bows
  1785 | D:2      | HP: 1/24 [jackal (2)]
  2622 | D:3      | Reached XP level 4. HP: 29/29 MP: 5/5
  3691 | D:3      | Reached skill level 8 in Bows
  3709 | D:3      | HP: 1/29 [worm (10)]
  4362 | D:4      | Found Bourchor's Gadget Shop.
  4445 | D:4      | HP: 1/29 [orc priest/nerve-wracking pain (4)]
  4446 | D:4      | Reached XP level 5. HP: 1/34 MP: 6/6
  4447 | D:4      | Succumbed to poison (a potion of poison)

Vault maps used:
D:1:      lightli_molten_gateway, corexii_hall_statues_deadend,
          minmay_surrounded
D:2:      interstate_on_off
D:3:      minmay_door_path, first_bread
D:4:      serial_shops, nicolae_shop_trees

Action                   |  1- 3 |  4- 6 || total
-------------------------+-------+-------++-------
Melee: Short sword       |   162 |       ||   162
       Mace              |     3 |    85 ||    88
 Fire: Shortbow          |    30 |    15 ||    45
  Use: Potion            |     1 |     2 ||     3
 Stab: Sleeping          |     4 |     2 ||     6
  Eat: Chunk             |     5 |     6 ||    11
